 Dungeon Crawl Stone Soup version 0.26-a0-613-g4f23886233 (webtiles) character file.

Game seed: 1504007505509308005

65 Gargoyl the Digger (level 3, -1/28 HPs)
             Began as a Deep Dwarf Earth Elementalist on Sept 11, 2020.
             Slain by a gnoll
             ... wielding a +0 halberd
              (8 damage)
             ... on level 2 of the Dungeon.
             The game lasted 00:04:18 (1950 turns).

Gargoyl the Digger (Deep Dwarf Earth Elementalist)  Turns: 1950, Time: 00:04:19

Health: -1/28      AC: 11    Str: 12    XL:     3   Next: 94%
Magic:  4/4        EV:  6    Int: 15    God:
Gold:   133        SH:  0    Dex: 13    Spells: 4/5 levels left

rFire    . . .     SeeInvis .   g - +0 long sword
rCold    . . .     Faith    .   (no shield)
rNeg     . . .     Spirit   .   o - +0 chain mail
rPois    .         Reflect  .   (no helmet)
rElec    .         Harm     .   (no cloak)
rCorr    .                      j - +2 pair of gloves
MR       .....                  (no boots)
Stlth    ..........             (no amulet)
HPRegen  0.00/turn              (no ring)
MPRegen  0.09/turn              (no ring)

@: non-regenerating
A: damage resistance, heal wounds, sense surroundings 1, no regeneration
a: Heal Wounds


You were on level 2 of the Dungeon.
You visited 1 branch of the dungeon, and saw 2 of its levels.

You collected 133 gold pieces.

Inventory:

Hand Weapons
 g - a +0 long sword (weapon)
Missiles
 b - 87 stones (quivered)
Armour
 j - a +2 pair of gloves (worn)
 o - a +0 chain mail (worn)
Scrolls
 c - a scroll of fog {unknown}
 h - a scroll of remove curse {unknown}
 k - a scroll of identify {unknown}
 m - a scroll of amnesia {unknown}
 n - a scroll of teleportation
Potions
 a - a potion of flight {unknown}
 d - a potion of heal wounds {unknown}
 i - a potion of brilliance {unknown}
 l - a potion of curing {unknown}


   Skills:
 + Level 0.1 Fighting
 + Level 1.2 Long Blades
 + Level 1.1 Armour
 + Level 3.2 Dodging
 + Level 2.7 Stealth
 + Level 1.2 Unarmed Combat
 + Level 1.8 Spellcasting
   Level 0.8 Transmutations
 + Level 4.1 Earth Magic


You had 4 spell levels left.
You knew the following spells:

 Your Spells              Type           Power        Failure   Level
a - Sandblast             Erth           ##....       88%         1

Your spell library contained the following spells:

 Spells                   Type           Power        Failure   Level
 Passwall                 Tmut/Erth      #.......     99%         2
 Corona                   Hex            #......      100%        1
 Ensorcelled Hibernation  Hex/Ice        #.....       100%        2
 Confusing Touch          Hex            #.......     100%        3
 Dazzling Flash           Conj/Hex       #.....       100%        3
 Stone Arrow              Conj/Erth      #.....       100%        3
 Tukima's Dance           Hex            #.......     100%        3
 Petrify                  Tmut/Erth      #.......     100%        4
 Lee's Rapid Deconstruct  Erth           ##........   100%        5


Dungeon Overview and Level Annotations

Branches:
Dungeon (2/15)

Altars:


Innate Abilities, Weirdness & Mutations

You are resistant to damage.
You can heal yourself by infusing magical energy.
You passively map a small area around you.
You do not regenerate.


Message History

The gnoll hits you from afar with a +0 halberd.
The gnoll barely misses you.
You riposte.
You closely miss the gnoll.
The gnoll is moderately wounded.
The gnoll hits you but does no damage. x2
You barely miss the gnoll.
The gnoll is moderately wounded.
The gnoll hits you but does no damage. The gnoll completely misses you.
The gnoll hits you from afar with a +0 halberd.
You hit the gnoll.
The gnoll is moderately wounded.
The gnoll barely misses you. The gnoll hits you with a +0 flail.
The gnoll hits you from afar with a +0 halberd!
The gnoll hits you but does no damage.
You closely miss the gnoll.
The gnoll is moderately wounded.
The gnoll hits you with a +0 flail.
* * * LOW HITPOINT WARNING * * *
The gnoll hits you from afar with a +0 spear.
The gnoll hits you from afar with a +0 halberd!
You die...

.##....#.........#
..'....###########
###....#####* *
...........# , ,
#..........#, ** *
...........#, , <
....########,
,#####.#
....#......#
,#.....#
....#.##...# #@# *
....'.##...#
###g##
....####...#
#..gg#
....##.....#
#.#...#
....##.#...#
#.##..#
.......#...# #.#
..# .#######...#
#.#,#.# ..[..#
#†..###)# .#
####.#
#.....#.#####


You could see 3 gnolls.

Vanquished Creatures
  2 dart slugs (D:1)
  5 orcs (D:2)
  4 bats
  4 giant cockroaches
  5 goblins
  3 hobgoblins
  7 jackals (D:2)
  6 kobolds
  A quokka (D:2)
  A ball python (D:2)
  5 frilled lizards
  9 rats
52 creatures vanquished.

Notes
Turn   | Place    | Note
-------+----------+-------------------------------------------
     0 | D:1      | Gargoyl the Deep Dwarf Earth Elementalist began the quest
                  | for the Orb.
     0 | D:1      | Reached XP level 1. HP: 15/15 MP: 3/3
   131 | D:1      | Reached XP level 2. HP: 5/22 MP: 4/4
   649 | D:1      | Reached skill level 1 in Unarmed Combat
   997 | D:2      | Reached XP level 3. HP: 20/28 MP: 0/4
  1428 | D:2      | Reached skill level 1 in Armour
  1671 | D:2      | Reached skill level 1 in Long Blades
  1950 | D:2      | Slain by a gnoll

Illustrated notes

Levels and vault maps discovered:
D:1:      minmay_arrival_four_loops, layout_basic
D:2:      layout_basic

Skill      XL: |  1  2  3 |
---------------+----------+-----
Unarmed Combat | 1 |  1.2
Dodging        | 3 |  3.2
Armour         | 1 |  1.1
Long Blades    | 1 |  1.2
Fighting       | |  0.1
Stealth        | |  2.7
Spellcasting   | |  1.8
Transmutations | |  0.8
Earth Magic    | |  4.1

Action                   || total
-------------------------++-------
Melee: Unarmed           ||   164
       Long sword        ||   122
       Punch             ||     2
 Abil: Heal Wounds       ||     8
  Use: Scroll            ||     1
 Stab: Sleeping          ||     4
Armor: Robe              ||    28
       Ring mail         ||   124
       Chain mail        ||     9
Dodge: Dodged            ||   282
       Rpst.: Long sword ||    40

Table legend: (Time is in decaauts)
 A = Elapsed time spent in this place.
 B = Non-inter-level travel time spent in this place.
 C = Inter-level travel time spent in this place.
 D = Time resting spent in this place.
 E = Time spent auto-exploring this place.
 F = Levels seen in this place.
 G = Mean time per level.
                   A        B        C        D        E       F      G
               +--------+--------+--------+--------+--------+-----+--------+
         Total |   1992 |   1958 |     34 |    305 |    869 |   2 |  996.0 |
       Dungeon |   1992 |   1958 |     34 |    305 |    869 |   2 |  996.0 |
               +--------+--------+--------+--------+--------+-----+--------+

Top non-repeatable levels by time:
     D:2: 1027 daAuts
     D:1: 965 daAuts
